 Dungeon Crawl Stone Soup version 0.20.1-1-g8b1a95d (console) character file.

811 hilaritas the Cleaver (level 7, -3/62 HPs)
             Began as a Minotaur Berserker on Mar 22, 2018.
             Was a Believer of Trog.
             Slain by Eustachio
             ... wielding a +0 rapier of electrocution
              (10 damage)
             ... on level 4 of the Dungeon.
             The game lasted 00:09:03 (3466 turns).

hilaritas the Cleaver (Minotaur Berserker)          Turns: 3466, Time: 00:09:04

Health: -3/62      AC: 13    Str: 18    XL:     7   Next: 61%
Magic:  6/6        EV:  6    Int:  6    God:    Trog [**....]
Gold:   303        SH:  0    Dex: 14    Spells: 6/6 levels left

rFire    . . .     SeeInvis .   a - +1 hand axe
rCold    . . .     Gourm    .   (no shield)
rNeg     . . .     Faith    .   b - +1 plate armour
rPois    .         Spirit   .   (helmet restricted)
rElec    .         Reflect  .   g - +0 cloak
rCorr    .         Harm     .   (no gloves)
MR       ++...                  (no boots)
Stlth    ..........             (no amulet)
Regen    1.2/turn               e - +4 ring of dexterity
MPRegen  0.1/turn               o - -3 ring of strength (curse)

@: regenerating
A: retaliatory headbutt, horns 2
a: Berserk, Trog's Hand, Burn Spellbooks, Renounce Religion


You were on level 4 of the Dungeon.
You worshipped Trog.
Trog was pleased with you.
You were not hungry.

You visited 1 branch of the dungeon, and saw 4 of its levels.

You collected 303 gold pieces.

Inventory:

Hand Weapons
 a - a +1 hand axe (weapon)
Missiles
 n - a throwing net (quivered)
Armour
 b - a +1 plate armour (worn)
 g - a +0 cloak (worn)
Jewellery
 e - a +4 ring of dexterity (left hand)
 l - an uncursed ring of positive energy
 o - a cursed -3 ring of strength (right hand)
Wands
 j - a wand of flame (33/48)
Scrolls
 i - 2 scrolls of magic mapping
 m - a scroll of enchant weapon
Potions
 f - 2 potions of agility
 p - a potion of might {unknown}
 q - a potion of flight {unknown}
 r - a potion of ambrosia {unknown}
Comestibles
 c - 4 bread rations
 h - 3 meat rations
 t - a royal jelly


   Skills:
 + Level 5.9 Fighting
 * Level 9.8 Axes
 - Level 2.4 Armour
 - Level 2.1 Dodging


You had 6 spell levels left.
You didn't know any spells.

Dungeon Overview and Level Annotations

Branches:
Dungeon (4/15)
 Temple: D:4-7

Altars:
Sif Muna

Annotations:
D:3 Blork the orc
D:4 Eustachio


Innate Abilities, Weirdness & Mutations

You reflexively headbutt those who attack you in melee.
You have a pair of horns on your head.


Message History

You hit the ufetubus.
You kill the ufetubus!
You hit the river rat.
You kill the river rat!
The river rat's corpse disappears in a puff of smoke!
Eustachio calls on the powers of shadow!
Eustachio hits you but does no damage.
You hit Eustachio.
Eustachio is severely wounded.
You hit the iron imp.
Eustachio hits you with a rapier of electrocution.
You are electrocuted!
* * * LOW HITPOINT WARNING * * *
Unknown command.
You feel better. The iron imp barely misses you.
Eustachio calls on the powers of shadow!
Eustachio hits you with a rapier of electrocution.
* * * LOW HITPOINT WARNING * * *
You are electrocuted!
You die...

# #### #..........# ...#
#..........#
##.###..........#
##..##...........
###^##....(.....# #
#..#..........#
####.#..........# #######
#.รท............@##.......
..............55@'.......
#...#.#######.##.#.......
#...#.# ##.########
#...#.## #.# #...#..# #.#
#...##.## #.# #...##..#
#.# ####### ##.#####.##.#
#...... #.......##.#
#.##### ##.#######.# #.#
## #..# #.##########'####.


You could see Eustachio, an iron imp and a shadow imp.

Vanquished Creatures
  Sigmund (D:3)
  The ghost of ceb the Skirmisher, an amateur DsFi (D:3)
  3 phantoms
  Crazy Yiuf (D:3)
  A centaur skeleton (D:4)
  A hound skeleton (D:4)
  3 gnolls (D:3)
  8 adders
  An ooze (D:3)
  4 worms
  A dart slug (D:3)
  3 leopard geckos
  2 orcs (D:3)
  A ball python (D:3)
  A giant cockroach (D:1)
  6 goblins
  7 hobgoblins
  13 jackals
  5 kobolds
  4 quokkas
  13 bats
  3 frilled lizards
  3 rats
86 creatures vanquished.

Notes
Turn   | Place    | Note
-------+----------+-------------------------------------------
     0 | D:1      | hilaritas the Minotaur Berserker began the quest for the Orb.
     0 | D:1      | Reached XP level 1. HP: 19/19 MP: 0/0
   115 | D:1      | Reached skill level 4 in Axes
   253 | D:1      | Reached XP level 2. HP: 27/27 MP: 1/1
  1139 | D:2      | Reached XP level 3. HP: 32/33 MP: 2/2
  1145 | D:2      | Reached skill level 5 in Axes
  1327 | D:2      | Reached ** piety under Trog
  1554 | D:2      | Reached XP level 4. HP: 40/40 MP: 3/3
  1706 | D:3      | Noticed Sigmund
  1712 | D:3      | Killed Sigmund
  1712 | D:3      | Reached skill level 5 in Fighting
  1712 | D:3      | Reached skill level 7 in Axes
  1712 | D:3      | Reached XP level 5. HP: 48/48 MP: 4/4
  1727 | D:3      | Reached XP level 6. HP: 48/56 MP: 5/5
  2067 | D:3      | Reached skill level 8 in Axes
  2258 | D:3      | Found a runed door.
  2299 | D:3      | Noticed ceb's ghost (amateur DsFi)
  2316 | D:3      | Killed ceb's ghost
  2316 | D:3      | Reached XP level 7. HP: 21/61 MP: 6/6
  2574 | D:3      | Noticed Blork the orc
  2582 | D:3      | Found a deep blue altar of Sif Muna.
  2800 | D:3      | Noticed Crazy Yiuf
  2806 | D:3      | Killed Crazy Yiuf
  2974 | D:4      | Reached skill level 9 in Axes
  3417 | D:4      | Reached *** piety under Trog
  3447 | D:4      | Noticed Eustachio
  3465 | D:4      | HP: 2/62 [Eustachio/rapier of electrocution (18)]
  3466 | D:4      | Slain by Eustachio

Skill      XL: |  1  2  3  4  5  6  7 |
---------------+----------------------+-----
Axes           | 4 5 7 8 9 |  9.8
Fighting       | 4 5 |  5.9
Armour         | |  2.4
Dodging        | |  2.1

Action                   |  1- 3 |  4- 6 |  7- 9 || total
-------------------------+-------+-------+-------++-------
Melee: Hand axe          |    64 |    69 |    92 ||   225
       Headbutt          |    15 |    14 |    21 ||    50
       Whip              |    22 |       |       ||    22
Invok: Berserk           |       |     2 |       ||     2
       Trog's Hand       |       |     1 |     1 ||     2
  Use: Scroll            |     9 |     1 |     2 ||    12
       Potion            |       |       |     1 ||     1
 Stab: Sleeping          |     1 |       |       ||     1
  Eat: Chunk             |     2 |     4 |     3 ||     9
       Royal jelly       |       |       |     1 ||     1
Armor: Chain mail        |    16 |       |       ||    16
       Plate armour      |    32 |    37 |    48 ||   117
Dodge: Dodged            |    47 |    22 |    24 ||    93
